AoeStats
← Belgistanis

Runestones

508236062Analyzed
1v1 RM · 9d ago on Sep 21, 2026· 49m 10s· 2 players
Game mode
Random Map
Map size
Tiny (2 player)
Population
200
Speed
Normal
Resources
Standard
Victory
Conquest
Starting age
Dark Age
Ending age
Imperial Age
RankedLock teamsTeams togetherTeam positionsShared explorationLock speedFull tech treeHidden civsTurbo modeCheats
Victory
Defeat
🇲🇽 Britons · Mexico
1138
+16
🇦🇹 Inca · Austria
1136
-16
Belgistanis
9:25 Feudal Age
7:40 Loom
9:55 Double-Bit Axe
12:25 Horse Collar
19:27 Castle Age
17:12 Champi Runner
18:02 Scale Mail Armor
18:59 Wheelbarrow
20:11 Squires
22:41 Forging
22:54 Champi Warrior
25:39 Hand Cart
25:10 Town Watch
27:30 Bow Saw
27:49 Heavy Plow
30:45 Fletching
31:34 Chain Mail Armor
35:46 Imperial Age
34:38 Iron Casting
34:36 Elite Skirmisher
35:15 Bodkin Arrow
35:43 Town Patrol
35:51 Elite Champi Warrior
37:41 Plate Mail Armor
37:28 Gold Mining
39:16 Fabric Shields
39:51 Masonry
41:08 Blast Furnace
40:59 Conscription
41:09 Ballistics
41:06 Bracer
43:56 Padded Archer Armor
46:02 Arson
47:48 Leather Archer Armor
revan
5:59 Loom
9:15 Feudal Age
9:50 Double-Bit Axe
10:10 Horse Collar
14:22 Fletching
20:49 Castle Age
19:04 Gold Mining
20:59 Wheelbarrow
20:31 Padded Archer Armor
20:53 Crossbowman
21:48 Bow Saw
21:41 Heavy Plow
22:36 Bodkin Arrow
23:48 Ballistics
25:39 Stone Mining
26:59 Hand Cart
26:30 Town Watch
26:39 Town Watch
28:05 Gold Shaft Mining
32:38 Imperial Age
31:13 Yeomen
32:32 Town Patrol
32:44 Arbalester
33:35 Bracer
38:41 Chemistry
40:29 Conscription
41:21 Two-Man Saw
44:02 Warwolf
49:49 Siege Engineers
Connection lost

Rejoining the realm…

Still unreachable

The connection could not be restored.

Session expired

The server has moved on; the page needs a fresh start.